 Dungeon Crawl Stone Soup version 0.27.0-1-g7a089689b8 (webtiles) character file.

Game seed: 4146595021988446259

399 SnakkuSnakku7 the Cudgeller (level 7, -1/78 HPs)
             Began as a Formicid Berserker on Aug 14, 2021.
             Was a Believer of Trog.
             Slain by a mummy (7 damage)
             ... in an ossuary.
             The game lasted 00:05:29 (3312 turns).

SnakkuSnakku7 the Cudgeller (Formicid Berserker)    Turns: 3312, Time: 00:05:29

Health: -1/78      AC: 23    Str: 20 (22) XL:     7   Next: 10%
Magic:  7/7        EV:  2    Int:  3 (6)  God:    Trog [**....]
Gold:   73         SH:  0    Dex: 10 (12) Spells: 6/6 levels left

rFire    . . .     SeeInvis .   (no weapon)
rCold    . . .     Faith    .   (no shield)
rNeg     + + +     Spirit   .   (armour currently unavailable)
rPois    +         Reflect  .   (helmet unavailable)
rElec    .         Harm     .   (cloak currently unavailable)
rCorr    .         Rampage  .   (gloves currently unavailable)
Will     ++...                  (boots currently unavailable)
Stlth    +.........             (no amulet)
HPRegen  1.23/turn              (no ring)
MPRegen  0.10/turn              (no ring)

@: tree-form, strong-willed, very slightly contaminated, regenerating, invisible
A: stationary, stasis, torment immunity, boosted hp, permanent stasis, dig
shafts and tunnels, (antennae 3), four strong arms
a: Renounce Religion, Trog's Hand


You were in an ossuary.
You worshipped Trog.
Trog was pleased with you.
You were a tree.
You visited 1 branch of the dungeon, and saw 4 of its levels.
You also visited: Ossuary.

You collected 73 gold pieces.

Inventory:

Hand Weapons
 a - a +0 morningstar
 c - a +0 hand axe
Missiles
 d - 10 poisoned darts (quivered)
Armour
 b - a +0 animal skin
 e - a +0 ring mail
 n - a +0 scale mail (melded)
Scrolls
 f - a scroll of immolation
 g - a scroll of noise
 l - 2 scrolls of identify {unknown}
 m - a scroll of magic mapping {unknown}
 o - a scroll of enchant armour {unknown}
 p - a scroll of silence {unknown}
 q - 3 scrolls of blinking {unknown}
 r - a scroll of amnesia {unknown}


   Skills:
 - Level 3.2 Fighting
 - Level 3.0(4.2) Axes
 + Level 4.6(5.1) Maces & Flails
 + Level 4.5 Throwing
 - Level 2.1 Armour
 - Level 1.7 Dodging


You had 6 spell levels left.
You didn't know any spells.
Your spell library was empty.

Dungeon Overview and Level Annotations

Branches:
Dungeon (4/15)            Ossuary (1/1)
 Temple: D:4-7

Altars:
Cheibriados


Innate Abilities, Weirdness & Mutations

You are a tree.
Your roots penetrate the ground, keeping you stationary.
You cannot be teleported.
You are immune to unholy pain and torment.
Your maximum health is greatly increased.
Your equipment is partially melded.
You cannot be hasted, slowed, berserked, paralysed or teleported.
You can dig through walls and to a lower floor.
((You have a pair of large antennae on your head. (SInv)))
Your four strong arms can wield two-handed weapons with a shield.


Message History

The mummy hits you but does no damage.
You are very lightly contaminated with residual magic.
It was a potion of heal wounds.
You feel much better. The mummy hits you but does no damage.
Unknown command.
You hit the mummy.
The mummy is severely damaged.
The mummy hits you but does no damage. The mummy hits you!
You hit the mummy but do no damage.
The mummy is severely damaged.
The mummy hits you.
* * * LOW HITPOINT WARNING * * *
You barely miss the mummy.
The mummy is severely damaged.
The mummy hits you but does no damage. The mummy hits you.
* * * LOW HITPOINT WARNING * * *
You aren't carrying any potions.
Unknown command.
You aren't carrying any potions.
Unknown command.
Okay, then.
Unknown command.
Your skin crawls.
You feel strong-willed. The mummy barely misses you.
You are now empty-handed.
Unknown command.
You hit the mummy but do no damage.
The mummy is severely damaged.
The mummy hits you!
* * * LOW HITPOINT WARNING * * *
You hit the mummy.
The mummy is almost destroyed.
The mummy hits you but does no damage.
You hit the mummy but do no damage.
The mummy is almost destroyed.
The mummy hits you!
* * * LOW HITPOINT WARNING * * *
The mummy hits you!
You die...

################
##.....M♣MMM....##
##......####M.....##
#......##..##......#
#.....##....##M....#
#..................#
##................##
##..............##
#+##........##+#
##......##


You could see 5 mummies.

Vanquished Creatures
  A scorpion (D:4)
  A howler monkey (D:4)
  A hound (D:4)
  Terence (D:2)
  An iguana (D:4)
  Natasha (twice) (D:2)
  3 mummies (Ossuary)
  5 adders
  An adder skeleton (D:4)
  4 worms
  6 dart slugs
  An orc (D:3)
  8 ball pythons
  3 endoplasms
  A giant cockroach (D:2)
  4 goblins
  7 hobgoblins
  5 kobolds
  3 quokkas
  3 bats
  2 frilled lizards
  2 gnoll zombies (Ossuary)
  2 hobgoblin zombies (Ossuary)
  2 kobold zombies (Ossuary)
  2 orc zombies (Ossuary)
  2 rats
73 creatures vanquished.

Vanquished Creatures (others)
  A plant (D:4)
1 creature vanquished.

Grand Total: 74 creatures vanquished

Notes
Turn   | Place    | Note
-------+----------+-------------------------------------------
     0 | D:1      | SnakkuSnakku7 the Formicid Berserker began the quest for
                  | the Orb.
     0 | D:1      | Reached XP level 1. HP: 18/18 MP: 1/1
    44 | D:1      | Reached skill level 1 in Maces & Flails
    47 | D:1      | Reached XP level 2. HP: 6/24 MP: 2/2
   281 | D:1      | Found a faded altar of an unknown god.
   374 | D:1      | Reached skill level 1 in Throwing
   668 | D:1      | Reached XP level 3. HP: 28/29 MP: 3/3
   968 | D:2      | Noticed Natasha
   975 | D:2      | Killed Natasha
   976 | D:2      | Reached XP level 4. HP: 32/35 MP: 4/4
  1097 | D:2      | Reached ** piety under Trog
  1119 | D:2      | Noticed Natasha
  1136 | D:2      | Killed Natasha
  1497 | D:2      | Noticed Terence
  1513 | D:2      | Killed Terence
  1514 | D:2      | Reached XP level 5. HP: 34/41 MP: 5/5
  2657 | D:4      | Found a snail-covered altar of Cheibriados.
  2778 | D:4      | Reached XP level 6. HP: 30/47 MP: 6/6
  3021 | D:4      | Found a sand-covered staircase.
  3037 | Ossuary  | Entered an ossuary
  3091 | Ossuary  | Reached *** piety under Trog
  3179 | Ossuary  | Reached XP level 7. HP: 10/52 MP: 7/7
  3312 | Ossuary  | Slain by a mummy

Illustrated notes

Levels and vault maps discovered:
D:1:      scummos_arrival_star, layout_rooms,
          shapermc_ecumenical_altar_mp_ritualfount, minmay_crystal_room
D:2:      layout_basic, uniq_terence, uniq_natasha
D:3:      layout_basic
D:4:      layout_basic, lemuel_round_altar,
          mainiacjoe_overflow_concentric_impassable, nicolae_ossuary_entry_plus,
          serial_bayou_pond_d
Ossuary:  ossuary_tomb_3

Skill      XL: |  1  2  3  4  5  6 |
---------------+-------------------+-----
Maces & Flails | 1 2 3 4 |  4.6
Throwing       | 1 2 3 4 |  4.5
Fighting       | |  3.2
Axes           | |  3.0
Armour         | |  2.1
Dodging        | |  1.7

Action                   |  1- 3 |  4- 6 |  7- 9 || total
-------------------------+-------+-------+-------++-------
Melee: Morningstar       |    67 |   175 |    23 ||   265
       Unarmed           |       |       |     3 ||     3
Throw: Dart              |       |    26 |       ||    26
Invok: Trog's Hand       |       |       |     4 ||     4
 Abil: Dig               |       |     2 |       ||     2
  Use: Potion            |       |       |     4 ||     4
       Scroll            |       |       |     2 ||     2
Armor: Animal skin       |     4 |       |       ||     4
       Ring mail         |    22 |    21 |       ||    43
       Scale mail        |       |    42 |    12 ||    54
       Skin              |       |       |     6 ||     6
Dodge: Dodged            |    49 |    89 |    15 ||   153
